Map: New Richmond

Players

eloprex

  • Race: Terran Terran
  • Spawn Location: 3:00

axsk

  • Race: Zerg Zerg
  • League: Gold
  • Spawn Location: 12:00

medi

  • Race: Protoss Protoss
  • Spawn Location: 11:00

Loken - Winner!

  • Race: Zerg Zerg
  • League: Platinum
  • Spawn Location: 5:00

dallaskuken - Winner!

  • Race: Protoss Protoss
  • League: Platinum
  • Spawn Location: 7:00

Myran - Winner!

  • Race: Protoss Protoss
  • Spawn Location: 6:00

VOD

Have the link to the VOD?

Description

Time

  • Played on: March 14, 2017, 6:06 p.m.
  • Length: 3:59
Show
View Real Time Build Order
Export as new Build Order

eloprex Terran 

Build Orders: Command Center First (CC) 

Get SALT Encoding   

  12  0:01  SCV  
  13  0:15  Supply Depot  
  13  0:18  SCV  
  14  0:30  SCV  
  15  0:42  SCV  
  16  0:54  SCV  
  17  1:03  Command Center  
  17  1:06  SCV  
  18  1:16  Barracks  
  18  1:21  SCV  
  18  1:25  Refinery  
  19  1:33  SCV  
  19  1:35  Supply Depot  
  20  1:45  SCV  
  21  1:57  SCV, Barracks  
  22  2:03  Marine  
  23  2:10  SCV  
  24  2:15  SCV  
  24  2:21  Marine  
  24  2:22  SCV  
  27  2:28  SCV  
  28  2:34  SCV  
  28  2:35  Barracks  
  28  3:39  Marine x2  
Show
View Real Time Build Order
Export as new Build Order

axsk Zerg 

Build Orders: Hatch First 

Get SALT Encoding   

  12  0:07  Overlord  
  12  0:15  Drone  
  12  0:17  Drone  
  14  0:26  Drone  
  15  0:34  Drone  
  17  0:42  Drone  
  17  0:53  Drone  
  18  0:59  Hatchery  
  18  1:01  Drone  
  18  1:10  Extractor  
  17  1:21  Spawning Pool, Drone  
  17  1:26  Drone  
  18  1:34  Drone  
  19  1:44  Drone  
  20  2:10  Roach Warren  
  20  2:11  Drone x3  
  22  2:28  Drone x2  
  22  2:29  Drone  
  25  2:52  Roach  
  25  2:53  Overlord x3  
  27  3:11  Queen  
  29  3:14  Roach x3  
  29  3:15  Roach, Queen  
  34  3:36  Spine Crawler  
Show
View Real Time Build Order
Export as new Build Order

medi Protoss 

Build Orders:  

Get SALT Encoding   

  12  0:02  Probe (Chrono Boost)  
  13  0:20  Pylon  
  13  0:22  Probe (Chrono Boost)  
  14  0:33  Probe (Chrono Boost)  
  15  0:42  Gateway  
  15  0:45  Probe (Chrono Boost)  
  16  0:55  Probe (Chrono Boost)  
  16  0:56  Assimilator  
  17  1:03  Assimilator  
  17  1:06  Probe (Chrono Boost)  
  18  1:16  Probe (Chrono Boost)  
  19  1:29  Probe (Chrono Boost)  
  21  1:40  Probe (Chrono Boost)  
  21  1:42  Pylon  
  21  1:48  Pylon  
  21  2:04  Probe (Chrono Boost)  
  22  2:15  Zealot  
  22  2:42  Zealot  
  21  3:09  Zealot  
  21  3:23  Nexus  
Show
View Real Time Build Order
Export as new Build Order

Loken Zerg - Winner!

Build Orders: Pool Only 

Get SALT Encoding   

  12  0:08  Drone  
  13  0:24  Spawning Pool  
  13  0:27  Drone  
  13  0:32  Drone  
  14  0:40  Overlord  
  14  0:56  Extractor  
  13  0:58  Drone  
  13  1:00  Drone x2  
  16  1:10  Queen  
  18  1:12  Drone  
  19  1:21  Drone  
  20  1:31  Overlord  
  20  1:42  Drone  
  21  2:06  Zergling x4  
  23  2:14  Zergling x2  
  24  2:17  Metabolic Boost  
  24  2:19  Zergling x2  
  24  2:20  Zergling x4  
  27  2:27  Zergling x2  
  28  2:39  Zergling x2  
  29  3:00  Zergling x2  
  29  3:02  Overlord x3  
Show
View Real Time Build Order
Export as new Build Order

dallaskuken Protoss - Winner!

Build Orders:  

Get SALT Encoding   

  12  0:01  Probe (Chrono Boost)  
  13  0:12  Probe (Chrono Boost)  
  14  0:19  Pylon  
  14  0:31  Probe (Chrono Boost)  
  15  0:43  Forge, Probe (Chrono Boost)  
  16  0:54  Probe (Chrono Boost)  
  17  1:00  Pylon  
  17  1:11  Pylon  
  17  1:14  Probe (Chrono Boost)  
  18  1:25  Probe (Chrono Boost)  
  19  1:33  Photon Cannon  
  19  1:35  Photon Cannon  
  19  1:46  Pylon  
  19  2:06  Photon Cannon  
  19  2:07  Photon Cannon  
  19  2:11  Pylon  
  19  2:25  Photon Cannon  
  19  2:31  Photon Cannon  
  19  2:33  Photon Cannon  
  19  2:53  Pylon  
  19  2:54  Pylon  
  19  2:56  Pylon  
  19  3:12  Photon Cannon  
  19  3:14  Photon Cannon  
  19  3:32  Pylon  
  19  3:35  Photon Cannon  
  19  3:51  Photon Cannon  
  19  3:55  Photon Cannon  
Show
View Real Time Build Order
Export as new Build Order

Myran Protoss - Winner!

Build Orders: Cannon Rush 

Get SALT Encoding   

  12  0:02  Probe (Chrono Boost)  
  13  0:12  Probe (Chrono Boost)  
  14  0:23  Pylon  
  14  0:25  Probe (Chrono Boost)  
  15  0:46  Forge  
  15  0:49  Probe (Chrono Boost)  
  16  0:56  Pylon  
  16  1:00  Probe (Chrono Boost)  
  17  1:11  Probe (Chrono Boost)  
  18  1:22  Photon Cannon  
  18  1:30  Photon Cannon  
  18  1:34  Pylon  
  18  1:47  Gateway  
  18  1:50  Photon Cannon  
  18  1:59  Probe (Chrono Boost)  
  19  2:06  Photon Cannon  
  19  2:11  Photon Cannon  
  19  2:16  Probe (Chrono Boost)  
  20  2:26  Probe (Chrono Boost)  
  21  2:32  Pylon  
  21  2:53  Photon Cannon  
  21  2:54  Photon Cannon  
  21  2:59  Pylon  
  22  3:05  Probe (Chrono Boost)  
  22  3:14  Cybernetics Core  
  22  3:16  Probe (Chrono Boost)  
  22  3:17  Pylon  
  23  3:22  Pylon  
  23  3:23  Zealot  
  23  3:26  Probe (Chrono Boost)  
  26  3:29  Assimilator  
  26  3:44  Pylon  
  26  3:53  Nexus  
Tags
 
Add a new tag
Caveats
  • Supply blocks, unpowered buildings, or Contaminate may cause inaccurate times.
  • Supply counts are checked every 10 seconds.